 Dungeon Crawl Stone Soup version 0.27-a0-1071-ga85bd9520d (console) character file.

Game seed: 14396186180967630224

13 nht the Digger (level 2, 19/19 HPs)
             Began as a Demonspawn Earth Elementalist on Apr 24, 2021.
             Was a Follower of Jiyva.
             Quit the game on level 1 of the Dungeon.
             The game lasted 00:00:49 (433 turns).

nht the Digger (Demonspawn Earth Elementalist)       Turns: 433, Time: 00:00:50

Health: 19/19      AC:  2    Str:  8    XL:     2   Next: 24%
Magic:  5/5        EV: 12    Int: 16    God:    Jiyva [*.....]
Gold:   24         SH:  0    Dex: 13    Spells: 4/5 levels left

rFire    . . .     SeeInvis .   d - +0 dagger
rCold    . . .     Faith    .   (no shield)
rNeg     . . .     Spirit   .   c - +0 robe
rPois    .         Reflect  .   (no helmet)
rElec    .         Harm     .   (no cloak)
rCorr    .         Rampage  .   (no gloves)
Will     .....                  (no boots)
Stlth    ++........             (no amulet)
HPRegen  0.06/turn              (no ring)
MPRegen  0.09/turn              (no ring)

@: no status effects
A: foul stench 1
a: Renounce Religion, Request Jelly


You were on level 1 of the Dungeon.
You worshipped Jiyva.
Jiyva was aware of your devotion.
You visited 1 branch of the dungeon, and saw 1 of its levels.

You collected 24 gold pieces.

Inventory:

Hand Weapons
 d - a +0 dagger (weapon)
Missiles
 b - 18 stones
Armour
 c - a +0 robe (worn)
Scrolls
 a - a scroll of summoning {unknown}


   Skills:
 - Level 1.7 Dodging
 - Level 1.7 Stealth
 - Level 2.0 Spellcasting
 - Level 0.8 Transmutations
 + Level 3.4 Earth Magic


You had 4 spell levels left.
You knew the following spells:

 Your Spells              Type           Power      Damage    Failure   Level
a - Sandblast             Erth           24%        2d8       5%          1

Your spell library contained the following spells:

 Spells                   Type           Power      Damage    Failure   Level
 Passwall                 Tmut/Erth      6%         N/A       13%         2
 Stone Arrow              Conj/Erth      14%        3d7       30%         3
 Petrify                  Tmut/Erth      8%         N/A       65%         4
 Lee's Rapid Deconstruct  Erth           6%         3d7*      82%         5


Dungeon Overview and Level Annotations

Branches:
Dungeon (1/15)

Altars:
Jiyva

Shops:
D:1 [


Innate Abilities, Weirdness & Mutations

You may rarely emit foul miasma when damaged in melee.


Message History

d - a +0 dagger (weapon)
HP restored.
b - 24 stones (gained 2)
You see here a +0 club.
You see here a +0 hunting sling.
Found a stone staircase leading down.
Found a robe.
You now have 13 gold pieces (gained 6).
You see here a +0 robe.
An endoplasm comes into view.
The blast of sand hits the endoplasm!
You kill the endoplasm!
A goblin comes into view. It is wielding a +0 club.
The blast of sand hits the goblin.
You kill the goblin!
A ball python comes into view.
You have reached level 2!
Your demonic ancestry asserts itself...
You begin to emit a foul stench of rot and decay.
The blast of sand hits the ball python!
You kill the ball python!
You see here a +0 club.
A dart slug comes into view.
The blast of sand hits the dart slug.
The dart slug is heavily wounded.
The blast of sand hits the dart slug.
The dart slug is severely wounded.
The dart slug bites you but does no damage.
The blast of sand hits the dart slug!
You kill the dart slug!
You now have 24 gold pieces (gained 11).
Found a faded altar of an unknown god.
Found 28 sling bullets.
There is a faded altar of an unknown god here.
You cannot tell which god this altar belongs to.
Convert to them anyway?
Jiyva accepts your prayer! Jiyva welcomes you! Jiyva grants you a jelly!
You can now request a jelly.
Unknown command.
Press < or > to pray at altars.
Are you sure you want to abandon this character and quit the game? (Confirm with "yes".) ████████████████████

█......... ...██....
██........████†██.███
██.██.██...██........█
██.█(....█.....█.██.█..
█.█.......█.████.██.███
█.█.........█.███.██.█
█ █.....≈.....█....██..
.
█....≈@≈....█.█████████
█....J.≈....█.█
█.....≈.....█.█ ██
█...........█.█ █.
█.█.........█.██ █.
██...........██ █.
██.█.....█.██ █.
██.█████.██ █. █.


You could see a neutral jelly (wandering) (fellow slime).

Vanquished Creatures
  2 dart slugs (D:1)
  A ball python (D:1)
  An endoplasm (D:1)
  2 goblins (D:1)
  A bat (D:1)
  A kobold (D:1)
  A rat (D:1)
9 creatures vanquished.

Notes
Turn   | Place    | Note
-------+----------+-------------------------------------------
     0 | D:1      | nht the Demonspawn Earth Elementalist began the quest for
                  | the Orb.
     0 | D:1      | Reached XP level 1. HP: 13/13 MP: 3/3
   134 | D:1      | Reached skill level 3 in Earth Magic
   196 | D:1      | Found Abaiwk's Antique Armour Shoppe.
   339 | D:1      | Gained mutation: You may rarely emit foul miasma when
                  | damaged in melee. [demonic ancestry]
   339 | D:1      | Reached XP level 2. HP: 19/19 MP: 3/5
   418 | D:1      | Found a faded altar of an unknown god.
   432 | D:1      | Became a worshipper of Jiyva Jeosiar the Shapeless
   432 | D:1      | Reached * piety under Jiyva
   433 | D:1      | Quit the game

Illustrated notes

Levels and vault maps discovered:
D:1:      minmay_arrival_hallway, layout_loops_cross,
          shapermc_ecumenical_altar_starsandcircs, serial_shops, shop_fountains

Skill      XL: |  1 |
---------------+----+-----
Earth Magic    | 3 |  3.4
Dodging        | |  1.7
Stealth        | |  1.7
Spellcasting   | |  2.0
Transmutations | |  0.8

Action                   || total
-------------------------++-------
 Cast: Sandblast         ||    14
Armor: Robe              ||     2
Dodge: Dodged            ||     3

Table legend: (Time is in decaauts)
 A = Elapsed time spent in this place.
 B = Non-inter-level travel time spent in this place.
 C = Inter-level travel time spent in this place.
 D = Time resting spent in this place.
 E = Time spent auto-exploring this place.
 F = Levels seen in this place.
 G = Mean time per level.
                   A        B        C        D        E       F      G
               +--------+--------+--------+--------+--------+-----+--------+
         Total |    432 |    429 |      3 |      0 |    384 |   1 |  432.0 |
       Dungeon |    432 |    429 |      3 |      0 |    384 |   1 |  432.0 |
               +--------+--------+--------+--------+--------+-----+--------+

Top non-repeatable levels by time:
     D:1: 432 daAuts
